Map: Crimson Court LE

Players

BrokenOne - Winner!

  • Race: Protoss Protoss
  • League: Diamond
  • Spawn Location: 7:00

Appa

  • Race: Terran Terran
  • League: Diamond
  • Spawn Location: 1:00

VOD

Have the link to the VOD?

Description

Time

  • Played on: July 7, 2024, 12:52 a.m.
  • Length: 9:34
Show
View Real Time Build Order
Export as new Build Order

BrokenOne Protoss - Winner!

Build Orders: 1 Gate Expand 

Get SALT Encoding   

  12  0:00  Probe  
  13  0:12  Probe  
  14  0:17  Pylon  
  14  0:24  Probe  
  15  0:36  Probe  
  15  0:38  Gateway  
  16  0:48  Probe, Assimilator  
  17  1:01  Probe  
  18  1:13  Probe  
  19  1:25  Probe  
  20  1:35  Cybernetics Core  
  20  1:42  Nexus  
  20  1:45  Probe  
  20  1:46  Pylon  
  21  1:57  Probe  
  21  2:01  Assimilator  
  22  2:09  Probe  
  22  2:10  Stalker (Chrono Boost)  
  22  2:14  Warp Gate  
  24  2:21  Probe  
  25  2:40  Probe  
  25  2:41  Stalker (Chrono Boost)  
  28  2:53  Probe  
  29  3:04  Probe  
  29  3:05  Stalker, Probe  
  33  3:07  Robotics Facility  
  33  3:11  Gateway  
  33  3:12  Pylon  
  33  3:16  Probe  
  33  3:17  Probe  
  35  3:28  Probe  
  35  3:29  Probe  
  37  3:40  Probe (Chrono Boost)  
  38  3:42  Probe (Chrono Boost)  
  39  3:51  Probe (Chrono Boost)  
  39  3:53  Probe (Chrono Boost)  
  39  3:54  Gateway  
  41  3:56  Pylon, Probe (Chrono Boost)  
  41  3:57  Probe (Chrono Boost)  
  41  3:58  Observer (Chrono Boost)  
  44  4:05  Stalker x2  
  44  4:06  Probe  
  44  4:09  Probe  
  50  4:10  Observer (Chrono Boost)  
  51  4:18  Probe  
  51  4:21  Probe  
  53  4:24  Observer  
  54  4:38  Probe x2  
  56  4:39  Nexus  
  56  4:40  Adept  
  56  4:41  Stalker  
  56  4:42  Pylon  
  60  4:50  Probe x2  
  62  5:05  Probe x2  
  64  5:17  Probe x2  
  64  5:19  Immortal (Chrono Boost)  
  66  5:28  Twilight Council, Robotics Bay  
  70  5:31  Forge  
  70  5:33  Probe  
  70  5:36  Pylon  
  70  5:41  Pylon  
  70  5:50  Probe x2  
  70  5:56  Assimilator  
  72  6:03  Probe x2  
  72  6:04  Gateway  
  73  6:05  Gateway  
  73  6:08  Gateway  
  73  6:09  Protoss Ground Weapons Level 1 (Chrono Boost)  
  73  6:10  Charge (Chrono Boost)  
  73  6:11  Gateway  
  73  6:14  Gateway  
  73  6:15  Probe x3  
  73  6:17  Pylon  
  76  6:19  Extended Thermal Lance  
  76  6:25  Assimilator  
  76  6:27  Probe x3  
  76  6:30  Zealot x3  
  83  6:39  Pylon, Probe x3  
  86  6:43  Pylon  
  86  6:48  Colossus (Chrono Boost)  
  86  6:51  Probe x3  
  95  6:55  Zealot x3  
  95  6:57  Zealot  
  103  7:03  Zealot x2  
  103  7:05  Pylon  
  103  7:06  Zealot  
  103  7:07  Zealot  
  111  7:14  Gateway  
  111  7:16  Gateway  
  111  7:25  Observer  
  111  7:26  Nexus  
  111  7:27  Pylon  
  111  7:28  Gateway  
  111  7:31  Colossus (Chrono Boost), Gateway  
  111  7:33  Pylon  
  117  7:46  Zealot x4  
  117  7:47  Zealot x3  
  131  7:59  Stalker  
  131  8:01  Probe  
  131  8:03  Probe x2  
  136  8:10  Assimilator  
  136  8:14  Probe  
  136  8:15  Probe x2  
  136  8:18  Templar Archives, Assimilator  
  139  8:21  Stalker x4  
  139  8:22  Stalker  
  139  8:27  Pylon  
  149  8:33  Pylon  
  149  8:36  Probe  
  149  8:38  Probe  
  149  8:40  Stalker  
  149  8:41  Stalker  
  154  8:42  Pylon  
  154  8:45  Pylon, Stalker  
  154  8:46  Stalker  
  158  8:53  Pylon  
  158  8:59  Pylon  
  164  9:07  Stalker x3  
  164  9:08  Zealot  
  160  9:24  Zealot x4  
Show
View Real Time Build Order
Export as new Build Order

Appa Terran 

Build Orders: Reaper Expand 

Get SALT Encoding   

  12  0:00  SCV  
  13  0:13  SCV  
  14  0:17  Supply Depot  
  14  0:25  SCV  
  15  0:39  SCV  
  15  0:41  Barracks  
  16  0:45  Refinery  
  16  0:56  SCV  
  17  1:08  SCV  
  18  1:20  SCV  
  19  1:31  Reaper  
  20  1:37  Command Center  
  20  1:44  Orbital Command  
  20  1:57  Bunker  
  20  2:14  Supply Depot  
  20  2:20  Barracks Tech Lab  
  20  2:22  SCV  
  21  2:30  Factory  
  21  2:34  SCV  
  22  2:44  Marauder  
  22  2:48  SCV  
  25  2:52  Orbital Command  
  25  3:00  SCV  
  25  3:10  Marauder  
  25  3:12  SCV, Stimpack  
  28  3:21  SCV, Barracks  
  28  3:23  Barracks  
  29  3:32  Marine  
  29  3:33  Factory Reactor  
  30  3:39  Refinery  
  30  3:41  SCV x2, Refinery  
  30  3:43  Refinery  
  32  3:50  Engineering Bay  
  32  3:53  SCV x2  
  32  3:55  Marine  
  35  4:05  SCV  
  35  4:06  SCV  
  35  4:08  Starport  
  37  4:18  SCV  
  37  4:20  SCV  
  39  4:24  Marine  
  39  4:26  Factory Tech Lab, Marine x2  
  39  4:30  SCV  
  43  4:35  Barracks Reactor  
  43  4:39  SCV  
  43  4:42  SCV, Marine  
  46  4:51  SCV, Marine x2  
  49  4:53  Supply Depot  
  49  4:54  Supply Depot  
  49  4:56  Terran Infantry Weapons Level 1  
  49  5:03  Starport Reactor  
  49  5:06  SCV x2  
  51  5:18  SCV  
  51  5:20  Factory Tech Lab  
  52  5:23  Combat Shield  
  52  5:31  Marine x3  
  52  5:32  Marine  
  57  5:35  SCV x2  
  57  5:37  Missile Turret  
  58  5:44  Missile Turret  
  58  5:47  SCV  
  58  5:48  SCV  
  60  5:50  Marauder  
  60  5:54  Marine x2  
  60  5:56  Medivac x2  
  69  6:00  SCV  
  69  6:11  Marine  
  69  6:12  Marine  
  69  6:13  Marauder x2  
  69  6:14  SCV x2  
  69  6:15  Supply Depot  
  69  6:16  Supply Depot  
  77  6:26  SCV  
  78  6:36  SCV, Siege Tank  
  78  6:38  SCV  
  83  6:40  Supply Depot  
  83  6:41  Medivac  
  83  6:42  Medivac, Supply Depot x2  
  87  6:54  SCV x2  
  87  6:56  Marauder  
  87  6:57  Concussive Shells  
  87  6:58  Marine x2  
  93  7:02  Marauder  
  93  7:06  SCV, Supply Depot  
  93  7:08  SCV, Supply Depot  
  97  7:10  Supply Depot  
  96  7:30  Command Center  
  96  7:34  Marine  
  96  7:35  Marauder x2, Marine  
  102  7:39  Siege Tank  
  102  7:41  Medivac  
  102  7:44  Medivac  
  109  7:52  Marine x2  
  109  7:53  Starport  
  109  7:56  Marine  
  112  8:08  Marauder  
  112  8:10  Marine  
  115  8:14  Marauder, Barracks, Marine  
  115  8:17  Armory  
  115  8:18  Barracks  
  118  8:20  Engineering Bay  
  118  8:29  Marauder  
  118  8:33  Marine x2  
  122  8:35  Marauder  
  124  8:47  Orbital Command  
  124  8:49  SCV x2  
  124  8:50  Marine  
  124  8:51  Marauder, Marine  
  124  8:53  Starport Tech Lab  
  130  8:57  Marauder  
  130  9:01  SCV x2  
  134  9:08  Marine  
  117  9:12  Marauder  
  117  9:14  Marine  
Tags
 
Add a new tag
Caveats
  • Supply blocks, unpowered buildings, or Contaminate may cause inaccurate times.
  • Supply counts are checked every 10 seconds.